Map: Tête de pont EC (Void)

Players

Kaiser

  • Race: Protoss Protoss
  • League: Grandmaster

AgCl - Winner!

  • Race: Protoss Protoss
  • League: Grandmaster

VOD

Have the link to the VOD?

Description

Time

  • Played on: July 14, 2015, 1:56 a.m.
  • Length: 8:00
Show
View Real Time Build Order
Export as new Build Order

Kaiser Protoss 

Build Orders:  

Get SALT Encoding   

  12  0:01  Probe  
  13  0:15  Pylon  
  13  0:17  Probe  
  14  0:33  Probe (Chrono Boost)  
  15  0:37  Gateway  
  16  0:42  Probe (Chrono Boost)  
  16  0:46  Assimilator  
  16  0:50  Probe  
  17  1:02  Probe  
  18  1:08  Pylon  
  18  1:14  Probe (Chrono Boost)  
  19  1:25  Probe (Chrono Boost)  
  20  1:27  Cybernetics Core  
  20  1:31  Probe (Chrono Boost)  
  21  1:40  Assimilator  
  21  1:43  Probe (Chrono Boost)  
  22  1:52  Probe (Chrono Boost)  
  23  2:00  Probe  
  24  2:04  Twilight Council  
  24  2:12  Probe  
  25  2:23  Warp Gate (Chrono Boost)  
  26  2:42  Pylon  
  26  2:46  Stalker  
  26  2:48  Pylon  
  25  2:55  Pylon  
  25  3:02  Gateway  
  25  3:03  Gateway  
  25  3:04  Gateway  
  23  3:16  Mothership Core  
  25  3:37  Stalker, Probe  
  28  3:49  Probe, Robotics Facility  
  29  4:01  Probe  
  30  4:13  Probe  
  27  4:31  Stalker  
  27  4:32  Stalker x2  
  27  4:33  Stalker  
  35  4:43  Probe  
  36  4:49  Blink (Chrono Boost)  
  36  5:03  Probe  
  37  5:15  Probe  
  37  5:20  Pylon  
  38  5:24  Observer (Chrono Boost)  
  38  5:26  Zealot x2  
  38  5:28  Probe  
  44  5:40  Stalker, Probe  
  47  5:50  Stalker  
  47  5:52  Stalker, Probe  
  53  6:04  Probe  
  53  6:16  Probe  
  54  6:18  Pylon  
  54  6:23  Stalker  
  54  6:34  Pylon  
  54  6:36  Probe  
  55  6:48  Probe  
  55  6:50  Stalker  
  55  6:51  Stalker x2  
  58  6:58  Stalker  
  60  7:10  Nexus  
  46  7:30  Stalker x2  
Show
View Real Time Build Order
Export as new Build Order

AgCl Protoss - Winner!

Build Orders: Oracle Opening 

Get SALT Encoding   

  12  0:12  Pylon  
  12  0:15  Probe  
  13  0:27  Probe  
  14  0:33  Gateway  
  14  0:39  Probe  
  15  0:51  Probe  
  15  0:53  Assimilator  
  15  0:56  Pylon  
  16  1:03  Probe  
  18  1:21  Zealot (Chrono Boost)  
  19  1:25  Cybernetics Core  
  19  1:28  Probe (Chrono Boost)  
  20  1:37  Probe (Chrono Boost)  
  21  1:45  Probe (Chrono Boost)  
  22  1:50  Assimilator  
  23  1:56  Probe (Chrono Boost)  
  23  2:02  Probe (Chrono Boost)  
  24  2:12  Stargate  
  24  2:14  Probe (Chrono Boost)  
  25  2:19  Pylon  
  25  2:24  Probe (Chrono Boost)  
  26  2:31  Probe  
  27  2:43  Probe (Chrono Boost)  
  26  2:50  Warp Gate  
  26  2:52  Pylon  
  26  2:54  Probe (Chrono Boost)  
  27  3:01  Probe (Chrono Boost)  
  28  3:10  Oracle  
  32  3:12  Mothership Core  
  32  3:23  Nexus  
  32  3:32  Robotics Facility  
  32  3:37  Pylon  
  32  3:39  Probe  
  33  3:51  Probe  
  34  4:03  Probe  
  34  4:04  Pylon  
  35  4:15  Probe  
  36  4:20  Phoenix (Chrono Boost)  
  38  4:28  Probe  
  38  4:29  Fleet Beacon  
  40  4:38  Observer (Chrono Boost)  
  40  4:39  Probe (Chrono Boost)  
  40  4:40  Probe (Chrono Boost)  
  42  4:50  Assimilator  
  42  4:51  Probe (Chrono Boost)  
  42  4:52  Probe (Chrono Boost)  
  44  4:56  Assimilator  
  44  4:59  Probe (Chrono Boost)  
  46  5:00  Probe (Chrono Boost)  
  46  5:02  Immortal  
  50  5:08  Probe  
  50  5:09  Stalker, Probe  
  54  5:20  Probe  
  55  5:23  Probe  
  55  5:24  Robotics Facility  
  56  5:32  Probe  
  57  5:37  Gateway x2  
  57  5:40  Probe, Void Ray (Chrono Boost)  
  62  5:44  Pylon  
  62  5:49  Pylon  
  62  5:53  Forge  
  59  6:15  Void Ray (Chrono Boost)  
  63  6:22  Immortal (Chrono Boost)  
  63  6:24  Gateway  
  67  6:26  Pylon  
  67  6:35  Probe  
  67  6:37  Probe  
  69  6:43  Forge  
  69  6:47  Gateway  
  69  6:48  Gateway x2  
  69  6:50  Twilight Council  
  69  6:53  Photon Cannon  
  67  6:56  Probe  
  67  6:58  Pylon  
  68  7:01  Void Ray (Chrono Boost)  
  68  7:05  Observer  
  73  7:18  Photon Cannon  
  73  7:24  Stalker  
  73  7:25  Stalker  
Tags
 
Add a new tag
Caveats
  • Supply blocks, unpowered buildings, or Contaminate may cause inaccurate times.
  • Supply counts are checked every 10 seconds.